 Dungeon Crawl Stone Soup version 0.21-a0-29-g43b3074 (webtiles) character file.

115 blackwizard the Magician (level 4, -3/39 HPs)
             Began as a Troll Wizard on May 26, 2017.
             Slain by a worm (10 damage)
             ... on level 3 of the Dungeon.
             The game lasted 00:29:51 (3625 turns).

blackwizard the Magician (Troll Wizard)             Turns: 3625, Time: 00:29:52

Health: -3/39      AC:  5    Str: 16    XL:     4   Next: 68%
Magic:  4/6        EV:  5    Int: 14    God:
Gold:   138        SH: 10    Dex:  8    Spells: 4/7 levels left

rFire    . . .     SeeInvis .   C - +0 flail
rCold    . . .     Gourm    +   s - +0 large shield
rNeg     . . .     Faith    .   a - +0 robe
rPois    .         Spirit   .   b - +0 hat
rElec    .         Reflect  .   (no cloak)
rCorr    +         Harm     .   (gloves unavailable)
MR       .....                  (boots unavailable)
Stlth    +.........             (no amulet)
Regen    0.6/turn               f - ring of resist corrosion
MPRegen  0.1/turn               (no ring)

@: very slightly contaminated
A: unfitting armour, claws 3, fast metabolism 3, gourmand, regeneration 1,
shaggy fur 1, tough skin 2
a: no special abilities


You were on level 3 of the Dungeon.
You were not hungry.

You visited 1 branch of the dungeon, and saw 3 of its levels.

You collected 138 gold pieces.

Inventory:

Hand Weapons
 g - a +0 spear
 i - a +0 short sword
 m - a +0 hand axe
 u - a +0 short sword
 v - a +0 short sword
 y - a +0 hand axe
 C - a +0 flail (weapon)
Missiles
 e - 72 stones (quivered)
Armour
 a - a +0 robe (worn)
 b - a +0 hat (worn)
 r - a +0 robe
 s - a +0 large shield (worn)
 B - a +0 robe
Jewellery
 f - a ring of resist corrosion (left claw)
Scrolls
 j - a scroll of amnesia {unknown}
 k - 5 scrolls of identify {unknown}
 o - 2 scrolls of fog {unknown}
 p - 2 scrolls of teleportation {unknown}
 x - a scroll of blinking {unknown}
Potions
 d - 2 potions of lignification {unknown}
 h - 2 potions of heal wounds {unknown}
 l - 3 potions of flight {unknown}
 t - 6 potions of mutation {unknown}
 w - a potion of curing {unknown}
 A - 2 potions of brilliance {unknown}
Books
 c - a book of Minor Magic

   Spells                             Type                      Level
   a - Magic Dart                     Conjuration                  1
   b - Blink                          Translocation                2
   c - Call Imp                       Summoning                    2
   d - Slow                           Hexes                        2
   e - Conjure Flame                  Conjuration/Fire             3
   f - Mephitic Cloud                 Conjuration/Poison/Air       3
Comestibles
 n - 9 fruits
 q - 3 chunks of flesh
 D - a bread ration


   Skills:
 - Level 0.2 Fighting
 - Level 1.5 Short Blades
 + Level 1.5 Maces & Flails
 - Level 1.5 Dodging
 - Level 1.0 Stealth
 + Level 0.2 Shields
 - Level 2.1 Unarmed Combat
 - Level 2.3 Spellcasting
 - Level 0.6 Conjurations
 - Level 0.6 Summonings
   Level 0.6 Translocations


You had 4 spell levels left.
You knew the following spells:

 Your Spells              Type           Power        Failure   Level  Hunger
a - Magic Dart            Conj           #...         99%         1    #......
b - Call Imp              Summ           #.......     100%        2    ###....


Dungeon Overview and Level Annotations

Branches:
Dungeon (3/15)

Altars:
Elyvilon
Fedhas
Ru
Wu Jian


Innate Abilities, Weirdness & Mutations

You are too large for most types of armour.
You have claws for hands.
Your metabolism is lightning-fast.
You like to eat raw meat.
Your natural rate of healing is unusually fast.
You are covered in fur. (AC +1)
You have very tough skin. (AC +2)


Message History

You eat one of the 5 chunks of flesh.
This raw flesh tastes great.
You are feeling very hungry.
Eat one of 4 chunks of flesh? (ye/n/q)
You eat one of the 4 chunks of flesh.
This raw flesh tastes great.
The worm bites you.
* * * LOW HITPOINT WARNING * * *
Casting: Call Imp
Confirm with . or Enter, or press ? or * to list all spells.
The spell is very dangerous to cast!
Continue anyway? [Y]es or [N]o only, please.
The spell is very dangerous to cast!
Continue anyway? [Y]es or [N]o only, please.
The spell is very dangerous to cast!
Continue anyway?
Uppercase [Y]es or [N]o only, please.
The spell is very dangerous to cast!
Continue anyway?
You miscast Call Imp.
You are very lightly contaminated with residual magic.
You hear strange voices.
The worm bites you!
You die...

######## ####
#####.). %.....#
.....# ....# ... #w#
## ########@## .#
#.........# .#
#.........# .#
#.........#
.########..........#
.#..........######.#
.#..........# ...
.#..........# ####
...)........#


You could see a worm.

Vanquished Creatures
  A gnoll (D:3)
  An adder (D:1)
  A worm (D:3)
  A leopard gecko (D:2)
  2 ball pythons
  2 giant cockroaches
  6 goblins
  5 hobgoblins
  9 jackals
  A quokka (D:3)
  5 bats
  2 frilled lizards (D:3)
  8 kobolds
  9 rats
53 creatures vanquished.

Vanquished Creatures (collateral kills)
  3 gnolls (D:3)
  3 adders
  A ball python (D:2)
  2 hobgoblins (D:2)
  A jackal (D:2)
  A bat (D:2)
  2 goblins (D:2)
  A kobold (D:1)
14 creatures vanquished.

Grand Total: 67 creatures vanquished

Notes
Turn   | Place    | Note
-------+----------+-------------------------------------------
     0 | D:1      | blackwizard the Troll Wizard began the quest for the Orb.
     0 | D:1      | Reached XP level 1. HP: 16/16 MP: 2/2
   432 | D:1      | Reached XP level 2. HP: 23/24 MP: 4/4
   468 | D:1      | Learned a level 2 spell: Call Imp
   620 | D:1      | Paralysed by fainting for 6 turns
   696 | D:1      | Reached skill level 1 in Unarmed Combat
  1065 | D:1      | Paralysed by fainting for 6 turns
  1523 | D:1      | Reached XP level 3. HP: 18/31 MP: 5/5
  1610 | D:1      | Reached skill level 1 in Short Blades
  1935 | D:2      | Found a white marble altar of Elyvilon.
  2224 | D:2      | Found a blossoming altar of Fedhas.
  2365 | D:2      | Found a sacrificial altar of Ru.
  2442 | D:2      | Reached XP level 4. HP: 36/39 MP: 6/6
  2730 | D:2      | Found an ornate altar of the Wu Jian Council.
  3038 | D:3      | Reached skill level 1 in Maces & Flails
  3506 | D:3      | Paralysed by fainting for 11 turns
  3625 | D:3      | Slain by a worm

Vault maps used:
D:1:      minmay_arrival_wavy_path
D:2:      lemuel_round_altar, lemuel_doored_altar,
          nicolae_ru_great_annihilating_truth, fedhas_altar_2
D:3:      first_bread

Skill      XL: |  1  2  3  4 |
---------------+-------------+-----
Unarmed Combat | 1 2 |  2.1
Short Blades   | 1 |  1.5
Maces & Flails | 1 |  1.5
Fighting       | |  0.2
Dodging        | |  1.5
Stealth        | |  1.0
Shields        | |  0.2
Spellcasting   | |  2.3
Conjurations   | |  0.6
Summonings     | |  0.6
Translocations | |  0.6

Action                   |  1- 3 |  4- 6 || total
-------------------------+-------+-------++-------
Melee: Unarmed           |    56 |       ||    56
       Short sword       |   159 |     7 ||   166
       Flail             |       |   103 ||   103
 Cast: Call Imp          |     9 |     6 ||    15
 Stab: Paralysed         |       |     1 ||     1
  Eat: Bread ration      |     2 |       ||     2
       Meat ration       |     2 |     1 ||     3
       Chunk             |       |     9 ||     9
Armor: Robe              |   194 |   101 ||   295
Dodge: Dodged            |   217 |    48 ||   265
Block: Large shield      |       |    68 ||    68
